[Event "45th FIDE Olympiad 2024"]
[Site "Budapest"]
[Date "2024.09.19"]
[Round "8.184"]
[White "Shiferaw, Yalemzewde Mekonnen"]
[Black "Bullen, Alex"]
[Result "0-1"]
[WhiteElo "2025"]
[BlackElo "2155"]
[PlyCount "120"]
[EventDate "2024.09.05"]
[EventType "team-tourn"]
[EventCountry "HUN"]
[WhiteTeam "Ethiopia"]
[BlackTeam "Wales"]
[WhiteTeamCountry "ETH"]
[BlackTeamCountry "WLS"]
[TimeControl "40/5400+30:1800+30"]

1. d4 d5 2. c4 e6 3. Nf3 Nf6 4. g3 Be7 5. Bg2 O-O 6. O-O c6 7. Nc3 a5 8. Ne5 Nfd7 9. Qd3 Nxe5 10. dxe5 Nd7 11. f4 b6 12. cxd5 cxd5 13. Rd1 Ba6 14. Qf3 b5 15. e4 b4 16. Ne2 Qb6+ 17. Be3 Bc5 18. Bxc5 Qxc5+ 19. Kh1 Qc4 20. Rd2 Nb6 21. Qe3 Qc7 22. b3 Rac8 23. exd5 Nxd5 24. Bxd5 exd5 25. Nd4 Qc3 26. Re1 Qxe3 27. Rxe3 Rc1+ 28. Kg2 Rfc8 29. f5 Bf1+ 30. Kf2 Bh3 31. Re1 Rxe1 32. Kxe1 Re8 33. Re2 g6 34. f6 Bg4 35. Re3 Rc8 36. Kd2 h6 37. Re1 g5 38. Rc1 Re8 39. Nc6 Ra8 40. Rc5 Bd7 41. Ne7+ Kh7 42. Nxd5 Bf5 43. Ne7 Be6 44. h4 gxh4 45. gxh4 a4 46. Rb5 axb3 47. axb3 Bxb3 48. Rxb4 Be6 49. Ke3 Ra3+ 50. Kd4 Rh3 51. Kc5 Rc3+ 52. Kd6 Rd3+ 53. Kc7 Re3 54. Nc6 Kg6 55. Rd4 h5 56. Kd6 Rb3 57. Rd2 Rb7 58. Rg2+ Bg4 59. Ne7+ Kh6 60. Kc6 Bf3+ {0-} 0-1

[Event "45th FIDE Olympiad 2024"]
[Site "Budapest"]
[Date "2024.09.19"]
[Round "8.185"]
[White "Oatlhotse, Providence"]
[Black "Santos Flores, Alberto"]
[Result "1-0"]
[WhiteElo "2239"]
[BlackElo "2168"]
[PlyCount "101"]
[EventDate "2024.09.05"]
[EventType "team-tourn"]
[EventCountry "HUN"]
[WhiteTeam "Botswana"]
[BlackTeam "Ecuador"]
[WhiteTeamCountry "BOT"]
[BlackTeamCountry "ECU"]
[TimeControl "40/5400+30:1800+30"]

1. Nf3 d5 2. g3 Nf6 3. Bg2 e6 4. O-O Be7 5. d3 c5 6. Nbd2 Nc6 7. e4 O-O 8. Re1 b5 9. e5 Nd7 10. Nf1 a5 11. h4 b4 12. N1h2 a4 13. Ng4 a3 14. b3 Nd4 15. Bf4 Ba6 16. Nxd4 cxd4 17. Nh2 Rc8 18. Rc1 Nb8 19. Qg4 Kh8 20. Nf3 Nc6 21. Bg5 Rc7 22. Bf1 Qd7 23. Kg2 Rfc8 24. Qf4 Bf8 25. h5 Na7 26. h6 g6 27. Nh2 Rxc2 28. Rxc2 Rxc2 29. Ng4 Qc7 30. Bf6+ Kg8 31. Bg7 Be7 32. Qxd4 Nc6 33. Qf4 d4 34. Kg1 Bb7 35. Bg2 Qd7 36. Bf6 Bf8 37. Bg5 Qc7 38. Nf6+ Kh8 39. Ne8 Qd7 40. Nd6 Kg8 41. Nxb7 Qxb7 42. Rc1 Rc3 43. Qe4 Qb5 44. Rxc3 bxc3 45. Qxc6 Qxe5 46. Bf4 Qe1+ 47. Bf1 f6 48. Qc8 Kf7 49. Qd7+ Kg8 50. Bd6 c2 51. Qc8 1-0

[Event "45th FIDE Olympiad 2024"]
[Site "Budapest"]
[Date "2024.09.19"]
[Round "8.186"]
[White "Noboa Silva, Kevin"]
[Black "Notha, Moakofi"]
[Result "1-0"]
[WhiteElo "2270"]
[BlackElo "1996"]
[PlyCount "55"]
[EventDate "2024.09.05"]
[EventType "team-tourn"]
[EventCountry "HUN"]
[WhiteTeam "Ecuador"]
[BlackTeam "Botswana"]
[WhiteTeamCountry "ECU"]
[BlackTeamCountry "BOT"]
[TimeControl "40/5400+30:1800+30"]

1. d4 d5 2. c4 c6 3. Nf3 e6 4. g3 f5 5. Bg2 Nf6 6. Bf4 Nbd7 7. O-O Be7 8. Qc2 Ne4 9. Nc3 O-O 10. Ne5 Bf6 11. Rad1 Qe7 12. h4 g6 13. f3 Nxc3 14. bxc3 Bxe5 15. dxe5 Qc5+ 16. Kh2 dxc4 17. Bh6 Re8 18. f4 Nb6 19. e4 Kf7 20. Rd4 fxe4 21. Qxe4 Qa3 22. g4 Rg8 23. f5 gxf5 24. gxf5 Qxc3 25. Bg5 Nd5 26. fxe6+ Ke8 27. Rxd5 Rxg5 28. Rf8+ 1-0

[Event "45th FIDE Olympiad 2024"]
[Site "Budapest"]
[Date "2024.09.19"]
[Round "8.187"]
[White "Monnaatsheko, Keletshabile"]
[Black "Garzon Zapatanga, Christopher Leonel"]
[Result "0-1"]
[WhiteElo "2064"]
[BlackElo "2216"]
[PlyCount "48"]
[EventDate "2024.09.05"]
[EventType "team-tourn"]
[EventCountry "HUN"]
[WhiteTeam "Botswana"]
[BlackTeam "Ecuador"]
[WhiteTeamCountry "BOT"]
[BlackTeamCountry "ECU"]
[TimeControl "40/5400+30:1800+30"]

1. Nf3 Nf6 2. d4 g6 3. g3 Bg7 4. Bg2 O-O 5. O-O d6 6. b3 e5 7. dxe5 Ng4 8. Bb2 Nc6 9. c4 Ngxe5 10. Nc3 a5 11. Qd2 a4 12. Nxe5 Nxe5 13. f4 a3 14. Bc1 Ng4 15. Rb1 c6 16. Na4 Re8 17. e4 b5 18. cxb5 cxb5 19. Nc3 Qb6+ 20. Kh1 Bxc3 21. Qxc3 Nf2+ 22. Rxf2 Qxf2 23. f5 b4 24. Qf6 Qe1+ {0-} 0-1

[Event "45th FIDE Olympiad 2024"]
[Site "Budapest"]
[Date "2024.09.19"]
[Round "8.188"]
[White "Mieles Palau, Daniel"]
[Black "Bayani, Kuda"]
[Result "1/2-1/2"]
[WhiteElo "2321"]
[BlackElo "1931"]
[PlyCount "60"]
[EventDate "2024.09.05"]
[EventType "team-tourn"]
[EventCountry "HUN"]
[WhiteTeam "Ecuador"]
[BlackTeam "Botswana"]
[WhiteTeamCountry "ECU"]
[BlackTeamCountry "BOT"]
[TimeControl "40/5400+30:1800+30"]

1. c4 Nf6 2. Nf3 e6 3. e3 d5 4. Nc3 Be7 5. b3 c6 6. Bb2 Nbd7 7. Qc2 a6 8. Be2 b6 9. Rg1 h5 10. O-O-O Bb7 11. h3 Qc7 12. g4 hxg4 13. hxg4 O-O-O 14. g5 Ne8 15. d4 g6 16. Kb1 Kb8 17. Rc1 Rc8 18. Qd3 Qd8 19. e4 Nd6 20. e5 Nf5 21. Qd2 Qf8 22. Qf4 Ka7 23. Bd3 Qg7 24. a4 Rhd8 25. Nh2 dxc4 26. bxc4 Nxd4 27. Ng4 Nc5 28. Bf1 Ndb3 29. Rc2 Rd7 30. Nf6 Rdd8 1/2-1/2

[Event "45th FIDE Olympiad 2024"]
[Site "Budapest"]
[Date "2024.09.19"]
[Round "8.189"]
[White "Chinchilla, Alejandro Jose"]
[Black "Berend, Fred"]
[Result "1-0"]
[WhiteElo "2113"]
[BlackElo "2230"]
[PlyCount "119"]
[EventDate "2024.09.05"]
[EventType "team-tourn"]
[EventCountry "HUN"]
[WhiteTeam "Honduras"]
[BlackTeam "Luxembourg"]
[WhiteTeamCountry "HON"]
[BlackTeamCountry "LUX"]
[TimeControl "40/5400+30:1800+30"]

1. e4 c5 2. Nf3 e6 3. d4 cxd4 4. Nxd4 Nc6 5. Nc3 Qc7 6. Be3 a6 7. Qf3 Nf6 8. Qg3 Qxg3 9. hxg3 Ng4 10. Nxc6 Nxe3 11. fxe3 bxc6 12. e5 g6 13. Ne4 Bg7 14. Nd6+ Ke7 15. Nc4 a5 16. O-O-O Rb8 17. Rh4 Rb5 18. Re4 f5 19. exf6+ Bxf6 20. a4 Rb4 21. Rf4 Bg5 22. c3 Rxa4 23. Kb1 Bxf4 24. gxf4 d5 25. b3 Rxc4 26. bxc4 Ba6 27. Kc2 Ra8 28. Ra1 Bxc4 29. Bxc4 dxc4 30. Ra4 Kd6 31. Rxc4 a4 32. Kb2 c5 33. Re4 Kd5 34. Re5+ Kc4 35. Ka3 Ra5 36. Rxe6 Kxc3 37. Rd6 c4 38. e4 g5 39. Rd5 Ra7 40. f5 h5 41. f6 Rf7 42. e5 h4 43. Rd7 Rxd7 44. e6 Rd1 45. Kxa4 Kb2 46. f7 c3 47. f8=Q Rd4+ 48. Kb5 Re4 49. Qf6 g4 50. Qf5 Rxe6 51. Qxe6 c2 52. Qe5+ Kb3 53. Qe3+ Kb2 54. Qd4+ Kb1 55. Qb4+ Ka2 56. Qc3 Kb1 57. Qb3+ Kc1 58. Kc4 Kd2 59. Qd3+ Kc1 60. Kc3 1-0

[Event "45th FIDE Olympiad 2024"]
[Site "Budapest"]
[Date "2024.09.19"]
[Round "8.190"]
[White "Berend, Elvira"]
[Black "Gavarrete, Joel"]
[Result "1-0"]
[WhiteElo "2219"]
[BlackElo "2059"]
[PlyCount "79"]
[EventDate "2024.09.05"]
[EventType "team-tourn"]
[EventCountry "HUN"]
[WhiteTeam "Luxembourg"]
[BlackTeam "Honduras"]
[WhiteTeamCountry "LUX"]
[BlackTeamCountry "HON"]
[TimeControl "40/5400+30:1800+30"]

1. d4 Nf6 2. c4 e6 3. Nf3 d5 4. g3 c6 5. Qc2 b6 6. Bg2 Bb4+ 7. Bd2 Bxd2+ 8. Nbxd2 O-O 9. O-O Bb7 10. e4 dxe4 11. Nxe4 Nxe4 12. Qxe4 Nd7 13. Rfd1 Rc8 14. b4 Qe7 15. c5 a5 16. a3 Ba6 17. Qc2 Rfd8 18. h4 h6 19. Ne5 Nxe5 20. dxe5 Rxd1+ 21. Rxd1 axb4 22. axb4 bxc5 23. bxc5 Bb5 24. Rd6 Qa7 25. Qc3 Qa4 26. Rd4 Qa2 27. Rd1 Qc4 28. Qe3 Qa4 29. Rd6 Bc4 30. Qd4 Bb5 31. Qc3 Ra8 32. Kh2 Rc8 33. Bf3 Qa6 34. Qd4 Qa2 35. Be4 Qa5 36. Bc2 h5 37. Qe4 g6 38. Rxe6 Qd2 39. Rf6 Rd8 40. e6 1-0

[Event "45th FIDE Olympiad 2024"]
[Site "Budapest"]
[Date "2024.09.19"]
[Round "8.191"]
[White "Soliz Gabarrete, Luis Fernando"]
[Black "Mertens, Marc"]
[Result "0-1"]
[WhiteElo "1920"]
[BlackElo "2120"]
[PlyCount "66"]
[EventDate "2024.09.05"]
[EventType "team-tourn"]
[EventCountry "HUN"]
[WhiteTeam "Honduras"]
[BlackTeam "Luxembourg"]
[WhiteTeamCountry "HON"]
[BlackTeamCountry "LUX"]
[TimeControl "40/5400+30:1800+30"]

1. e4 c5 2. Nf3 d6 3. c3 Nf6 4. h3 Nc6 5. Bd3 e5 6. Bc2 d5 7. exd5 Qxd5 8. Qe2 Be7 9. d3 Bf5 10. Nbd2 Rd8 11. Ne4 h6 12. O-O O-O 13. g4 Be6 14. b3 Qd7 15. Kh2 Nh7 16. Rg1 Kh8 17. Be3 b6 18. Rg3 f5 19. gxf5 Bxf5 20. Rag1 Rf7 21. a3 Nf6 22. c4 Rdf8 23. b4 Qc7 24. bxc5 Nh5 25. cxb6 Nxg3 26. Nxg3 axb6 27. Nd2 Nd4 28. Bxd4 exd4 29. Rg2 Bxa3 30. Nf3 Bc8 31. Ne5 Rf6 32. Qh5 Bb7 33. Ne4 Rf5 {0-} 0-1

[Event "45th FIDE Olympiad 2024"]
[Site "Budapest"]
[Date "2024.09.19"]
[Round "8.192"]
[White "Gengler, Pierre"]
[Black "Zuniga Garcia, German"]
[Result "1-0"]
[WhiteElo "2097"]
[BlackElo "1877"]
[PlyCount "93"]
[EventDate "2024.09.05"]
[EventType "team-tourn"]
[EventCountry "HUN"]
[WhiteTeam "Luxembourg"]
[BlackTeam "Honduras"]
[WhiteTeamCountry "LUX"]
[BlackTeamCountry "HON"]
[TimeControl "40/5400+30:1800+30"]

1. g3 c5 2. Bg2 Nc6 3. e4 g6 4. Ne2 Bg7 5. Nbc3 e6 6. O-O Nge7 7. d3 O-O 8. Be3 b6 9. d4 Rb8 10. Qd2 d5 11. exd5 exd5 12. Rad1 Be6 13. dxc5 d4 14. Nxd4 Nxd4 15. Bxd4 Bxd4 16. Qxd4 Qxd4 17. Rxd4 bxc5 18. Ra4 Rxb2 19. Rc1 Nc8 20. Bd5 Nb6 21. Bxe6 Nxa4 22. Nxa4 Rb4 23. Bb3 Rc8 24. c3 Re4 25. c4 Rd4 26. Kf1 Kg7 27. Re1 Kf6 28. Nc3 Rc6 29. Nd5+ Kg7 30. Re7 Re6 31. Rxa7 Rd2 32. Ne3 Rf6 33. Nd1 Re6 34. Rc7 Re5 35. Ne3 h5 36. h4 g5 37. hxg5 Rxg5 38. a4 Rb2 39. Bd1 Ra2 40. Bf3 Rxa4 41. Bd5 Ra2 42. Rxf7+ Kh8 43. Rc7 Rg6 44. Rxc5 Rb6 45. Be4 Rh6 46. Rc8+ Kg7 47. Nf5+ 1-0

[Event "45th FIDE Olympiad 2024"]
[Site "Budapest"]
[Date "2024.09.19"]
[Round "8.193"]
[White "Chavez, Ricardo Ernesto"]
[Black "Aziz, Husain"]
[Result "0-1"]
[WhiteElo "2185"]
[BlackElo "2340"]
[PlyCount "110"]
[EventDate "2024.09.05"]
[EventType "team-tourn"]
[EventCountry "HUN"]
[WhiteTeam "El Salvador"]
[BlackTeam "Qatar"]
[WhiteTeamCountry "ESA"]
[BlackTeamCountry "QAT"]
[TimeControl "40/5400+30:1800+30"]

1. e4 e5 2. Nf3 Nc6 3. Bb5 a6 4. Ba4 Nf6 5. d4 exd4 6. O-O Be7 7. e5 Ne4 8. Nxd4 O-O 9. Nf5 d5 10. exd6 Bxf5 11. Bxc6 Bxd6 12. Qf3 bxc6 13. Qxf5 Re8 14. Be3 Be5 15. c3 Rb8 16. Na3 Qd5 17. Qg4 Rxb2 18. Rfd1 Nf6 19. Qa4 Qe4 20. Qxe4 Nxe4 21. Nc4 Bxc3 22. Nxb2 Bxb2 23. Rab1 Nc3 24. Rxb2 Nxd1 25. Rb7 f5 26. Ra7 f4 27. Bd2 Re2 28. Ra8+ Kf7 29. Rd8 Ke7 30. Rd3 Nxf2 31. Kf1 Nxd3 32. Kxe2 Ne5 33. Bxf4 Ke6 34. Ke3 Kd5 35. Bg3 c5 36. Kf4 c4 37. Ke3 c6 38. Kd2 Ng4 39. Bc7 Kd4 40. Bb6+ c5 41. Ba5 g6 42. h3 Ne3 43. g4 Nd5 44. Bd8 Ke4 45. Bh4 Nf4 46. Bf2 Nxh3 47. Bxc5 h5 48. gxh5 gxh5 49. Kc3 Kd5 50. Be3 h4 51. a4 Ke4 52. Bb6 Kf3 53. Bd8 Ng5 54. Kxc4 h3 55. Bc7 Ne4 {0-} 0-1

[Event "45th FIDE Olympiad 2024"]
[Site "Budapest"]
[Date "2024.09.19"]
[Round "8.194"]
[White "Erfan, Mohamad Firdaus"]
[Black "Arias, Daniel"]
[Result "0-1"]
[WhiteElo "1758"]
[BlackElo "2213"]
[PlyCount "72"]
[EventDate "2024.09.05"]
[EventType "team-tourn"]
[EventCountry "HUN"]
[WhiteTeam "Qatar"]
[BlackTeam "El Salvador"]
[WhiteTeamCountry "QAT"]
[BlackTeamCountry "ESA"]
[TimeControl "40/5400+30:1800+30"]

1. d4 Nf6 2. c4 e6 3. Nc3 Bb4 4. e3 b6 5. Bd3 Bb7 6. Nge2 Bxg2 7. Rg1 Bf3 8. Rg3 Bxc3+ 9. bxc3 Be4 10. Nf4 g6 11. f3 Bxd3 12. Qxd3 d6 13. e4 Nbd7 14. a4 c5 15. Qe2 Rc8 16. d5 exd5 17. Nxd5 Nxd5 18. exd5+ Qe7 19. Be3 O-O 20. Kf2 Rfe8 21. Re1 Qf6 22. Qd2 Ne5 23. Bg5 Nxc4 24. Rxe8+ Rxe8 25. Qd3 Nb2 26. Qd2 Qxc3 27. Qxc3 Nd1+ 28. Kg2 Nxc3 29. f4 Ne4 30. Re3 f6 31. Bh4 Kf7 32. Rb3 c4 33. Rb4 c3 34. Rc4 Nc5 35. Rxc3 Re2+ 36. Bf2 Rxf2+ {0-} 0-1

[Event "45th FIDE Olympiad 2024"]
[Site "Budapest"]
[Date "2024.09.19"]
[Round "8.195"]
[White "Morales, Carlos"]
[Black "Al-Kuwari, Turki"]
[Result "1-0"]
[WhiteElo "2131"]
[BlackElo "1573"]
[PlyCount "63"]
[EventDate "2024.09.05"]
[EventType "team-tourn"]
[EventCountry "HUN"]
[WhiteTeam "El Salvador"]
[BlackTeam "Qatar"]
[WhiteTeamCountry "ESA"]
[BlackTeamCountry "QAT"]
[TimeControl "40/5400+30:1800+30"]

1. e4 c5 2. Nf3 g6 3. c3 Bg7 4. d4 cxd4 5. cxd4 d5 6. e5 Bg4 7. Bb5+ Nc6 8. h3 Bxf3 9. Qxf3 e6 10. Bxc6+ bxc6 11. Nc3 Ne7 12. O-O Nf5 13. Rd1 O-O 14. g4 Nh6 15. Na4 f6 16. exf6 Rxf6 17. Qe2 Rf7 18. Kg2 Qd6 19. f4 Qb4 20. Qc2 Bxd4 21. a3 Qd6 22. Rxd4 e5 23. fxe5 Qxe5 24. Bxh6 Qxd4 25. Re1 Qf6 26. Qe2 Qd4 27. Nc3 Rb8 28. Qe8+ Rf8 29. Qe6+ Rf7 30. Rf1 Rxb2+ 31. Kh1 Rbf2 32. Qe8+ 1-0

[Event "45th FIDE Olympiad 2024"]
[Site "Budapest"]
[Date "2024.09.19"]
[Round "8.196"]
[White "Al-Kuwari, Hamad"]
[Black "Guevara Ruiz, Marvin Andres"]
[Result "0-1"]
[WhiteElo "1574"]
[BlackElo "2003"]
[PlyCount "88"]
[EventDate "2024.09.05"]
[EventType "team-tourn"]
[EventCountry "HUN"]
[WhiteTeam "Qatar"]
[BlackTeam "El Salvador"]
[WhiteTeamCountry "QAT"]
[BlackTeamCountry "ESA"]
[TimeControl "40/5400+30:1800+30"]

1. e4 c5 2. Nf3 Nc6 3. d4 cxd4 4. Nxd4 e6 5. Nc3 Qc7 6. a3 a6 7. Be2 Nf6 8. Be3 Be7 9. O-O O-O 10. f4 d6 11. Qd2 Nxd4 12. Bxd4 e5 13. Be3 Be6 14. f5 Bc4 15. Bxc4 Qxc4 16. Bg5 Rac8 17. Bxf6 Bxf6 18. Rad1 Rfd8 19. Qd3 Rd7 20. Qxc4 Rxc4 21. Rd3 Bd8 22. Rff3 Bb6+ 23. Kf1 Bd4 24. b3 Rc6 25. Ke2 f6 26. Kd1 Bxc3 27. Rxc3 d5 28. Rxc6 bxc6 29. Rd3 Kf7 30. exd5 cxd5 31. c4 d4 32. b4 Ke7 33. Rh3 h6 34. Kd2 Kd6 35. Kd3 Rc7 36. Rf3 a5 37. Rf1 axb4 38. axb4 Ra7 39. Rc1 Ra3+ 40. Kd2 Rb3 41. c5+ Kc7 42. Rc4 Rb2+ 43. Kd3 Rxg2 44. Rc2 e4+ {0-} 0-1

[Event "45th FIDE Olympiad 2024"]
[Site "Budapest"]
[Date "2024.09.19"]
[Round "8.197"]
[White "Tissir, Mohamed"]
[Black "Mafaaz, Khalid"]
[Result "0-1"]
[WhiteElo "2355"]
[BlackElo "2069"]
[PlyCount "80"]
[EventDate "2024.09.05"]
[EventType "team-tourn"]
[EventCountry "HUN"]
[WhiteTeam "Morocco"]
[BlackTeam "Pakistan"]
[WhiteTeamCountry "MAR"]
[BlackTeamCountry "PAK"]
[TimeControl "40/5400+30:1800+30"]

1. e4 e5 2. Nf3 Nc6 3. Bc4 Nf6 4. d3 Bc5 5. c3 d6 6. Bb3 a5 7. Nbd2 O-O 8. O-O Be6 9. Qe2 Bxb3 10. axb3 Qd7 11. Nc4 h6 12. Be3 Bxe3 13. fxe3 Qe6 14. Nh4 b6 15. Rf3 Ne7 16. Raf1 d5 17. exd5 Nfxd5 18. Qf2 f6 19. Kh1 g5 20. e4 Nf4 21. g3 Nh3 22. Qg2 g4 23. Re3 b5 24. Nd2 a4 25. Nf5 Nxf5 26. exf5 Qb6 27. Re4 h5 28. bxa4 Rxa4 29. Rxa4 bxa4 30. Qd5+ Kg7 31. Nc4 Qb3 32. Qc6 Qc2 33. Qxc7+ Rf7 34. Qc5 Qxd3 35. Ne3 Qe2 36. Qb6 Rd7 37. Qe6 Rb7 38. Qd5 Rxb2 39. Qg2 Qxg2+ 40. Nxg2 a3 {0-} 0-1

[Event "45th FIDE Olympiad 2024"]
[Site "Budapest"]
[Date "2024.09.19"]
[Round "8.198"]
[White "Amer, Karim"]
[Black "Ouakhir, Mehdi Pierre"]
[Result "1/2-1/2"]
[WhiteElo "2081"]
[BlackElo "2191"]
[PlyCount "68"]
[EventDate "2024.09.05"]
[EventType "team-tourn"]
[EventCountry "HUN"]
[WhiteTeam "Pakistan"]
[BlackTeam "Morocco"]
[WhiteTeamCountry "PAK"]
[BlackTeamCountry "MAR"]
[TimeControl "40/5400+30:1800+30"]

1. d4 e6 2. c4 b6 3. Nf3 Bb7 4. g3 f5 5. Bg2 Nf6 6. O-O Be7 7. Nc3 Ne4 8. Qc2 Nxc3 9. Qxc3 Bf6 10. h4 O-O 11. Ne5 Bxg2 12. Kxg2 d6 13. Qf3 c6 14. Nxc6 Nxc6 15. Qxc6 Rc8 16. Qa4 Bxd4 17. Rd1 Be5 18. f4 Bf6 19. Qxa7 Rxc4 20. Be3 Rc6 21. Rac1 Qc8 22. Qa4 Rxc1 23. Rxc1 Qa8+ 24. Qc6 Rc8 25. Qxa8 Rxa8 26. Rc6 Rxa2 27. Rxd6 Rxb2 28. Rxb6 Rxb6 29. Bxb6 Kf7 30. Kf3 e5 31. fxe5 Bxe5 32. Be3 Ke6 33. Bf4 g6 34. Bg5 h5 1/2-1/2

[Event "45th FIDE Olympiad 2024"]
[Site "Budapest"]
[Date "2024.09.19"]
[Round "8.199"]
[White "Moayad, Anas"]
[Black "Momin, Fayzan"]
[Result "1/2-1/2"]
[WhiteElo "2016"]
[BlackElo "2064"]
[PlyCount "81"]
[EventDate "2024.09.05"]
[EventType "team-tourn"]
[EventCountry "HUN"]
[WhiteTeam "Morocco"]
[BlackTeam "Pakistan"]
[WhiteTeamCountry "MAR"]
[BlackTeamCountry "PAK"]
[TimeControl "40/5400+30:1800+30"]

1. e4 e5 2. Nf3 Nc6 3. Bb5 a6 4. Ba4 Nf6 5. O-O d6 6. c3 g6 7. Re1 b5 8. Bc2 Bg7 9. h3 O-O 10. a4 Bd7 11. d4 Re8 12. dxe5 Nxe5 13. Nxe5 dxe5 14. Be3 Be6 15. Nd2 Bf8 16. Qe2 c6 17. b4 Qc7 18. Rec1 Rab8 19. axb5 axb5 20. Ra7 Rb7 21. Rca1 Reb8 22. Bd3 Nd7 23. Rxb7 Qxb7 24. Ra7 Qc8 25. Nf3 f6 26. c4 Ra8 27. Rxa8 Qxa8 28. Qc2 Bxb4 29. cxb5 cxb5 30. Bxb5 Qb7 31. Bc4 Qc6 32. Bxe6+ Qxe6 33. Qc8+ Nf8 34. Qa8 Kg7 35. h4 h5 36. g3 Qe7 37. Kg2 Ne6 38. Qd5 Qd6 39. Qc4 Bc5 40. Bxc5 Nxc5 41. Nd2 1/2-1/2

[Event "45th FIDE Olympiad 2024"]
[Site "Budapest"]
[Date "2024.09.19"]
[Round "8.200"]
[White "Mudasir, Iqbal"]
[Black "Nait, Elasri Brahim"]
[Result "0-1"]
[WhiteElo "2055"]
[BlackElo "1994"]
[PlyCount "90"]
[EventDate "2024.09.05"]
[EventType "team-tourn"]
[EventCountry "HUN"]
[WhiteTeam "Pakistan"]
[BlackTeam "Morocco"]
[WhiteTeamCountry "PAK"]
[BlackTeamCountry "MAR"]
[TimeControl "40/5400+30:1800+30"]

1. e4 c5 2. Nf3 d6 3. d4 cxd4 4. Nxd4 Nf6 5. Nc3 a6 6. Bg5 e6 7. f4 Nbd7 8. Qf3 Qc7 9. O-O-O b5 10. Bd3 Bb7 11. Rhe1 Be7 12. a3 h6 13. Bxf6 Bxf6 14. Bxb5 axb5 15. Ndxb5 Qb8 16. Nxd6+ Kf8 17. Nxb7 Qxb7 18. e5 Qxf3 19. gxf3 Bh4 20. Re4 Ke7 21. f5 Bf2 22. fxe6 fxe6 23. f4 Rhf8 24. Rd2 Bb6 25. Rg2 Rf7 26. Nb5 Raf8 27. Nd6 Rxf4 28. Rxg7+ Kd8 29. Rxf4 Rxf4 30. Nf7+ Kc8 31. Nd6+ Kc7 32. Re7 Kc6 33. Rxe6 Kd5 34. Re8 Nxe5 35. Nb5 Rf1+ 36. Kd2 Nc4+ 37. Kc3 Rf3+ 38. Kb4 Bc5+ 39. Ka4 Nxb2+ 40. Ka5 Nc4+ 41. Ka6 Rf6+ 42. Kb7 Rb6+ 43. Kc7 Rxb5 44. Re2 Bd6+ 45. Kd7 Rb8 {0-} 0-1

[Event "45th FIDE Olympiad 2024"]
[Site "Budapest"]
[Date "2024.09.19"]
[Round "8.201"]
[White "Asabri, Hussien"]
[Black "Araujo Sanchez, Josue"]
[Result "1-0"]
[WhiteElo "2196"]
[BlackElo "2296"]
[PlyCount "131"]
[EventDate "2024.09.05"]
[EventType "team-tourn"]
[EventCountry "HUN"]
[WhiteTeam "Libya"]
[BlackTeam "Dominican Republic"]
[WhiteTeamCountry "LBY"]
[BlackTeamCountry "DOM"]
[TimeControl "40/5400+30:1800+30"]

1. d4 Nf6 2. Nf3 d6 3. g3 b5 4. Bg2 Bb7 5. O-O Nbd7 6. a4 b4 7. a5 Rb8 8. c4 e6 9. Qa4 Be7 10. Bd2 Ba6 11. Rc1 O-O 12. Bxb4 Ne4 13. Ba3 c5 14. Qc2 f5 15. Nbd2 Ndf6 16. e3 Bb7 17. Nxe4 Bxe4 18. Qd2 Qc8 19. Qe2 Qb7 20. Rd1 Rfc8 21. dxc5 dxc5 22. Rd2 Bd8 23. Rd6 Qe7 24. Rad1 Bxa5 25. Ne5 Bxg2 26. Kxg2 Bc7 27. Nc6 Qe8 28. Nxb8 Bxd6 29. Rxd6 Rxb8 30. Qd3 Qc8 31. f3 Kf7 32. Qc3 Ne8 33. Rd2 Qc7 34. Qd3 Ke7 35. e4 Nd6 36. Qc3 fxe4 37. Qxg7+ Nf7 38. fxe4 Qc6 39. Rf2 Rf8 40. Qf6+ Ke8 41. Rf4 h6 42. h4 Qd6 43. Qg6 Qd2+ 44. Kh3 Qd6 45. b3 Ke7 46. Qf6+ Kd7 47. Qg7 Ke8 48. Qg6 Ke7 49. Qh5 e5 50. Rf5 a5 51. Qf3 Ke8 52. Qf2 Qd1 53. Kh2 Qd7 54. Qxc5 Rg8 55. Qxa5 Qb7 56. Rf6 Qd7 57. Qd5 Qxd5 58. exd5 Rg4 59. c5 Rd4 60. d6 Nd8 61. Rxh6 Rd3 62. Rh7 Nc6 63. Bc1 e4 64. Rc7 Nd4 65. d7+ Kd8 66. Bg5+ 1-0

[Event "45th FIDE Olympiad 2024"]
[Site "Budapest"]
[Date "2024.09.19"]
[Round "8.202"]
[White "Camacho Campusano, David Daniel"]
[Black "Naser Eldean, Ahmed"]
[Result "1-0"]
[WhiteElo "2219"]
[BlackElo "1981"]
[PlyCount "127"]
[EventDate "2024.09.05"]
[EventType "team-tourn"]
[EventCountry "HUN"]
[WhiteTeam "Dominican Republic"]
[BlackTeam "Libya"]
[WhiteTeamCountry "DOM"]
[BlackTeamCountry "LBY"]
[TimeControl "40/5400+30:1800+30"]

1. e4 e6 2. Qe2 e5 3. Nf3 Nc6 4. g3 Nf6 5. Bg2 Bc5 6. c3 Bb6 7. b4 d6 8. a4 a5 9. b5 Ne7 10. O-O Ng6 11. Na3 O-O 12. Nc4 Bc5 13. d4 exd4 14. cxd4 Bb4 15. e5 Nd5 16. Bg5 f6 17. exf6 Nxf6 18. Rac1 h6 19. Qc2 Ne7 20. Bxf6 Rxf6 21. Ne3 c6 22. bxc6 bxc6 23. Rfd1 Bd7 24. Nd2 Rf8 25. Ndc4 Nf5 26. Be4 Nxe3 27. Nxe3 d5 28. Bg2 Qf6 29. Qe2 Rae8 30. Rc2 Qg5 31. h4 Qg6 32. Qd3 Qd6 33. Rf1 Qe7 34. Rd1 Bd6 35. Rc3 Rb8 36. Rb3 Qf6 37. Rd2 Rxb3 38. Qxb3 Bb4 39. Re2 Qxd4 40. Qc2 Qc3 41. Qg6 Qf6 42. Qd3 d4 43. f4 Be6 44. Nc4 Bf5 45. Be4 c5 46. Kg2 Qc6 47. Kf2 Bxe4 48. Rxe4 Qxa4 49. Re6 Qd7 50. Qe4 Qf7 51. Qd5 Kh7 52. Nd6 Qd7 53. Qe5 Rf6 54. Qe4+ Kg8 55. Re8+ Qxe8 56. Qxe8+ Rf8 57. Qe6+ Kh7 58. h5 Rf6 59. Qd7 Rxd6 60. Qxd6 a4 61. Qd5 a3 62. Ke2 Bc3 63. Kd3 Kh8 64. g4 1-0

[Event "45th FIDE Olympiad 2024"]
[Site "Budapest"]
[Date "2024.09.19"]
[Round "8.203"]
[White "Abugenda, Nagi"]
[Black "Jimenez Jimenez, Leandro"]
[Result "1-0"]
[WhiteElo "1975"]
[BlackElo "2188"]
[PlyCount "147"]
[EventDate "2024.09.05"]
[EventType "team-tourn"]
[EventCountry "HUN"]
[WhiteTeam "Libya"]
[BlackTeam "Dominican Republic"]
[WhiteTeamCountry "LBY"]
[BlackTeamCountry "DOM"]
[TimeControl "40/5400+30:1800+30"]

1. e4 e5 2. Nf3 Nc6 3. Nc3 Nf6 4. Bb5 Bb4 5. O-O O-O 6. d3 d6 7. h3 Ne7 8. Ne2 c6 9. Ba4 Ng6 10. Bb3 d5 11. Ng3 Bd6 12. Re1 Re8 13. Bg5 Be6 14. d4 h6 15. Bxf6 Qxf6 16. Nh5 Qd8 17. exd5 cxd5 18. dxe5 Bc5 19. Qd2 Qb6 20. Re2 a5 21. c3 a4 22. Bxd5 Rad8 23. c4 Rd7 24. Rd1 Ne7 25. Nf4 Red8 26. Qc2 a3 27. bxa3 Nxd5 28. cxd5 Bxd5 29. Nxd5 Rxd5 30. Rxd5 Rxd5 31. a4 Qc6 32. a5 Bb4 33. Qxc6 bxc6 34. Rc2 c5 35. Kf1 Bxa5 36. Ke2 Kf8 37. Rc4 Ke7 38. Ke3 Ke6 39. Ra4 Bc7 40. Ra6+ Kd7 41. Ke4 Rd1 42. Ra4 Kc6 43. Rc4 Kb5 44. Rc2 Ba5 45. Ke3 Bb4 46. Nd2 Re1+ 47. Kd3 Rxe5 48. Nc4 Rd5+ 49. Ke3 Rd4 50. f3 Rxc4 51. a4+ Kxa4 52. Rxc4 Kb5 53. Kd3 Kc6 54. Rf4 f6 55. Kc4 Kd6 56. Re4 Ba3 57. Re8 Bb2 58. g4 Bd4 59. f4 Kd7 60. Re2 Kd6 61. f5 Be5 62. Ra2 Bd4 63. Ra7 Ke5 64. Rxg7 Be3 65. Re7+ Kf4 66. Rxe3 Kxe3 67. Kxc5 Kf4 68. Kd6 h5 69. Ke6 h4 70. Kxf6 Kg3 71. g5 Kxh3 72. g6 Kh2 73. g7 h3 74. g8=Q 1-0

[Event "45th FIDE Olympiad 2024"]
[Site "Budapest"]
[Date "2024.09.19"]
[Round "8.204"]
[White "Mendez Ramirez, Victor"]
[Black "Elshaafi, Ali"]
[Result "1-0"]
[WhiteElo "2191"]
[BlackElo "1984"]
[PlyCount "45"]
[EventDate "2024.09.05"]
[EventType "team-tourn"]
[EventCountry "HUN"]
[WhiteTeam "Dominican Republic"]
[BlackTeam "Libya"]
[WhiteTeamCountry "DOM"]
[BlackTeamCountry "LBY"]
[TimeControl "40/5400+30:1800+30"]

1. c4 e5 2. Nc3 Nf6 3. Nf3 d6 4. d4 exd4 5. Nxd4 Be7 6. e4 O-O 7. Be2 Nbd7 8. O-O Nc5 9. Qc2 Re8 10. f3 Nfd7 11. Be3 Bf6 12. Rad1 Ne6 13. Nb3 g6 14. f4 Nef8 15. Bf3 b6 16. e5 Rb8 17. Nd4 Nxe5 18. fxe5 Bxe5 19. Nc6 Qh4 20. g3 Qxc4 21. Bd5 Qg4 22. Bxf7+ Kg7 23. Bxe8 1-0